 Dungeon Crawl Stone Soup version 0.22-a0-422-g9628fc8 (webtiles) character file.

94393 DrEnzyme the Nimble (level 15, -8/117 HPs)
             Began as a Demonspawn Gladiator on May 18, 2018.
             Was the Champion of Jiyva.
             Mangled by an alligator (14 damage)
             ... on level 3 of the Swamp on May 19, 2018.
             The game lasted 04:17:08 (37949 turns).

DrEnzyme the Nimble (Demonspawn Gladiator)         Turns: 37949, Time: 04:17:09

Health: -8/117     AC: 16    Str: 16    XL:     15   Next: 26%
Magic:  0/22       EV: 18    Int: 18    God:    Jiyva [******]
Gold:   177        SH: 11    Dex: 22    Spells: 9/24 levels left

rFire    + + +     SeeInvis .   a - +6 hand axe "Ditej" {elec, +Blink}
rCold    + + .     Gourm    .   G - +3 shield {reflect}
rNeg     . . .     Faith    .   k - +1 ring mail of the Distant Future {*Drain +Fly rF++ rCorr}
rPois    +         Spirit   +   n - +2 hat
rElec    +         Reflect  +   (no cloak)
rCorr    +         Harm     .   (no gloves)
MR       ++...                  (no boots)
Stlth    +++++.....             I - amulet of guardian spirit
HPRegen  0.29/turn              i - ring "Tisu Mao" {rElec rPois rF+ rC+ Stlth+}
MPRegen  0.18/turn              c - ring of Wofruck {rC+ Str+3 Int+8}

@: sanguine armour, hasted, studying Armour, very quick
A: claws 1, talons 2, blink, demonic guardian 1, magic resistance 1, mutation
resistance 1, spiny 2, eyeballs 1, pseudopods 1, sanguine armour 2
}: 1/15 runes: slimy
a: Blink, Request Jelly, Slimify, Cure Bad Mutation, Renounce Religion, Evoke
Blink, Evoke Flight


You were on level 3 of the Swamp.
You worshipped Jiyva.
Jiyva was exalted by your worship.
You were completely stuffed.

You visited 7 branches of the dungeon, and saw 31 of its levels.
You also visited: Ossuary and Ice Cave.

You collected 1727 gold pieces.
You spent 1550 gold pieces at shops.

Inventory:

Hand Weapons
 a - the +6 hand axe "Ditej" (weapon) {elec, +Blink}
   (You took it off a centaur on level 11 of the Dungeon)

   Occasionally, upon striking a foe, it will discharge some electrical energy
   and cause terrible harm.
   It lets you blink.
 b - a +1 demon blade of flaming
 y - the +6 Majin-Bo {vamp, Archmagi MP+6 Int+6}
   (You found it on level 5 of the Pits of Slime)

   It inflicts no extra harm, but heals its wielder when it wounds a living foe.
   It affects your intelligence (+6).
   It affects your magic capacity (+6).
 D - the cursed +1 falchion "Uhuidded" {drain, Dex+3}
   (You found it on level 3 of the Lair of Beasts)

   A truly terrible weapon, it drains the life of those it strikes.
   It affects your dexterity (+3).
   It has a curse placed upon it.
 Z - a +0 dagger of electrocution
Missiles
 d - 3 throwing nets (quivered)
 w - 8 javelins
Armour
 k - the +1 ring mail of the Distant Future (worn) {*Drain +Fly rF++ rCorr}
   (You bought it in a shop on level 2 of the Orcish Mines)

   It greatly protects you from fire.
   It lets you fly.
   It protects you from acid and corrosion.
   It causes draining when unequipped.
 m - a +0 troll leather armour
 n - a +2 hat (worn)
 x - the cursed +1 robe "Kuggucki" {Str+3}
   (You found it on level 5 of the Pits of Slime)

   It affects your strength (+3).
   It has a curse placed upon it.
 G - a +3 shield of reflection (worn)
 Q - the +0 pair of boots of the Special Curses {Int+5}
   (You found it in an ice cave)

   It affects your intelligence (+5).
Jewellery
 c - the ring of Wofruck (right claw) {rC+ Str+3 Int+8}
   (You found it on level 11 of the Dungeon)

   [ring of protection from cold]

   It affects your strength (+3).
   It affects your intelligence (+8).
   It protects you from cold.
 h - a +4 ring of dexterity
 i - the ring "Tisu Mao" (left claw) {rElec rPois rF+ rC+ Stlth+}
   (You bought it in a shop on level 8 of the Dungeon)

   [ring of protection from cold]

   It protects you from fire.
   It protects you from cold.
   It insulates you from electricity.
   It protects you from poison.
   It makes you more stealthy.
 q - an uncursed ring of positive energy
 C - the ring of the Mage {Wiz MR++ Int+3}
   (You found it on level 6 of the Dungeon)

   [ring of wizardry]

   It improves your spell success rate.
   It affects your intelligence (+3).
   It affects your resistance to hostile enchantments.
 I - an amulet of guardian spirit (around neck)
 L - the ring of Phasing {EV+8}
   (You found it on level 8 of the Dungeon)

   [ring of evasion]

   It affects your evasion (+8).
Wands
 t - a wand of clouds (2)
 B - a wand of flame (45)
 J - a wand of paralysis (10)
 M - a wand of digging (10)
 O - a wand of polymorph (24)
 S - a wand of iceblast (11)
 Y - a wand of acid (5)
Scrolls
 g - a scroll of magic mapping
 u - 9 scrolls of remove curse
 A - 2 scrolls of fog
 H - 5 scrolls of amnesia
 N - a scroll of identify
Potions
 e - 6 potions of brilliance
 j - a potion of invisibility {unknown}
 l - 2 potions of agility
 p - 3 potions of resistance
 r - 2 potions of ambrosia
 s - a potion of might
 v - 4 potions of flight
 z - a potion of cancellation {unknown}
 E - a potion of haste
Books
 R - a manual of Armour
Miscellaneous
 F - a phial of floods (inert)
 K - a fan of gales
 V - a lightning rod (4/4)
Comestibles
 f - 22 rations


   Skills:
 * Level 10.9 Fighting
 - Level 9.9 Short Blades
 * Level 10.9 Axes
 - Level 1.7 Throwing
 + Level 9.3 Armour
 * Level 11.5 Dodging
 + Level 8.0 Stealth
 + Level 5.1 Spellcasting
   Level 2.0 Hexes
 + Level 9.6 Transmutations
 - Level 2.0 Earth Magic


You had 9 spell levels left.
You knew the following spells:

 Your Spells              Type           Power        Failure   Level  Hunger
a - Sticks to Snakes      Tmut           #####...     4%          2    #......
b - Spider Form           Tmut/Pois      ###.......   54%         3    ##.....
c - Passwall              Tmut/Erth      ####......   22%         2    #......
d - Shroud of Golubria    Chrm/Tloc      #.........   93%         2    #......
e - Blade Hands           Tmut           #####.....   63%         5    ######.
f - Beastly Appendage     Tmut           #####.       3%          1    None

Your spell library contained the following spells:

 Spells                   Type           Power        Failure   Level  Hunger
 Fireball                 Conj/Fire      #.........   100%        5    ######.
 Conjure Flame            Conj/Fire      #.......     99%         3    ##.....
 Confuse                  Hex            ##......     90%         3    ##.....
 Throw Flame              Conj/Fire      #.....       93%         2    #......
 Mephitic Cloud           Conj/Pois/Air  #.......     99%         3    ##.....
 Venom Bolt               Conj/Pois      #.........   100%        5    ######.
 Olgreb's Toxic Radiance  Pois           #.......     100%        4    ####...
 Sticky Flame             Conj/Fire      #.......     100%        4    ####...
 Regeneration             Chrm/Necr      #.........   99%         3    ##.....
 Sting                    Conj/Pois      #...         83%         1    None
 Tukima's Dance           Hex            ##......     90%         3    ##.....
 Summon Demon             Summ           #.........   100%        5    ######.
 Corpse Rot               Necr           N/A          93%         2    #......
 Stone Arrow              Conj/Erth      #.....       97%         3    ##.....
 Recall                   Summ/Tloc      N/A          99%         3    ##.....
 Ice Form                 Ice/Tmut       ###.....     91%         4    ####...
 Shadow Creatures         Summ           N/A          100%        6    #######
 Confusing Touch          Hex            ##....       56%         1    None
 Flame Tongue             Conj/Fire      #....        83%         1    None
 Ensorcelled Hibernation  Hex/Ice        #.....       83%         2    #......
 Metabolic Englaciation   Hex/Ice        #.........   100%        5    ######.
 Corona                   Hex            ##.....      56%         1    None
 Lee's Rapid Deconstruct  Erth           ##........   100%        5    ######.
 Sandblast                Erth           ##....       56%         1    None
 Petrify                  Tmut/Erth      ####....     80%         4    ####...
 Leda's Liquefaction      Hex/Erth       ##........   100%        4    ####...
 Summon Hydra             Summ           #.........   100%        7    #######
 Inner Flame              Hex/Fire       #.......     97%         3    ##.....
 Aura of Abjuration       Summ           #.........   100%        5    ######.
 Dazzling Spray           Conj/Hex       #.....       97%         3    ##.....
 Infusion                 Chrm           #...         83%         1    None
 Song of Slaying          Chrm           #.......     93%         2    #......
 Spectral Weapon          Hex/Chrm       #.......     97%         3    ##.....
 Summon Forest            Summ/Tloc      #.........   100%        5    ######.
 Summon Mana Viper        Hex/Summ       #.......     100%        5    ######.
 Hydra Form               Tmut           #####.....   99%         6    #######
 Gell's Gravitas          Tloc           #.........   99%         3    ##.....
 Yara's Violent Unravell  Hex/Tmut       ####......   98%         5    ######.
 Poisonous Vapours        Pois/Air       #.....       93%         2    #......


Dungeon Overview and Level Annotations

Branches:
Dungeon (11/15)            Temple (1/1) D:7            Lair (6/6) D:10
  Swamp (4/4) Lair:2        Snake (2/4) Lair:3        Slime (5/5) Lair:6
    Orc (2/2) D:10            Elf (0/3) Orc:2

Altars:
Ashenzari
Cheibriados
Dithmenos
Elyvilon
Fedhas
Gozag
Hepliaklqana
Kikubaaqudgha
Makhleb
Nemelex Xobeh
Okawaru
Qazlal
Ru
Sif Muna
Trog
Uskayaw
Vehumet
Wu Jian
Xom
Yredelemnul
Zin
The Shining One
Beogh
Jiyva

Shops:
D:8 :!=}[   D:10 !*   Orc:2 :!}[

Annotations:
D:1 exclusion: 2 downstairs
D:4 exclusion: 2 downstairs
D:5 exclusion: 2 downstairs
D:6 exclusion: downstairs
D:7 exclusions: door, hungry ghost and 2 more exclusions
D:9 exclusion: downstairs
D:10 exclusion: downstairs
D:11 exclusion: hydra
Lair:2 exclusion: 2 downstairs
Lair:5 exclusions: death yak, downstairs, 3 hogs and spiny frog
Swamp:2 exclusion: downstairs
Slime:5 Royal Jelly


Innate Abilities, Weirdness & Mutations

You have razor-sharp toenails.
A weak demonic guardian rushes to your aid.
You are mostly covered in sharp spines.
When seriously injured, your bleeding wounds create thick armour. (AC +9)
You have sharp fingernails.
You can translocate small distances at will.
You are resistant to hostile enchantments. (MR+)
You are somewhat resistant to further mutation.
Your body has grown golden eyes which may confuse attackers. (Acc +3)
Armour fits poorly on your pseudopods.


Message History

Your ufetubus barely misses the alligator.
Your ufetubus hits the alligator.
You feel yourself slow down.
Your ufetubus closely misses the alligator.
Your ufetubus hits the alligator but does no damage.
The alligator bites your ufetubus!!
Your ufetubus dies!
You feel yourself speed up. You block the alligator's attack.
The alligator misses you. The alligator is struck by your spines.
The alligator bites you but does no damage.
The alligator completely misses you. The alligator misses you.
The alligator tail-slaps you.
* * * LOW HITPOINT WARNING * * *
Why would you want to do that?
You enter the shallow water.
Moving in this stuff is going to be slow.
The alligator completely misses you. You block the alligator's attack.
You block the alligator's attack. The alligator misses you.
The alligator is struck by your spines. The alligator bites you!
You die... ♣♣♣ ♣PPPP ♣♣.♣ ♣P♣PP

♣♣..♣ ♣.≈.≈
♣.≈.♣ ♣.≈..
♣..!♣♣ ♣♣....
♣♣♣..♣♣
♣♣≈.≈.. ♣...♣
♣♣.§..≈≈ ♣...♣
♣.♣≈≈≈≈≈
♣≈@.♣♣
♣♣.≈≈≈≈.
♣≈tt†♣
♣.≈≈≈.≈♣
♣♣.≈≈♣♣
♣♣.≈≈♣♣♣.
♣≈...♣ ♣...♣♣
♣. ♣≈♣..♣♣
♣...♣ ♣≈
♣.♣...♣♣♣♣..♣♣
♣.
♣.♣♣..♣.♣...♣
♣♣≈
♣.♣♣...≈..§♣♣
♣≈≈
♣≈♣♣§♣.≈≈..♣
♣.♣


You could see 2 alligators.

Vanquished Creatures
  Kirke (Lair:5)
  An orc warlord (Orc:1)
  A blizzard demon (IceCv)
  The ghost of busb the Martial Artist, a journeyman OpWn of Ru (Lair:2)
  3 catoblepae
  9 hydras
  A naga warrior (Snake:1)
  3 anacondas
  7 death yaks
  2 alligators
  2 shock serpents (Snake:1)
  2 orc high priests (Orc:2)
  The ghost of Bunnehwyld the Slinger, a novice HaHu of Okawaru (D:9)
  The ghost of lepoulpe303 the Covert, a journeyman SpEn of Hepliaklqana (Lair:3)
  Sonja (Lair:4)
  A spriggan druid (Swamp:2)
  A swamp dragon (Swamp:2)
  An unseen horror (D:11)
  Pikel (D:5)
  An orc knight (D:10)
  A shambling mangrove (Lair:2)
  2 manticores (Lair:6)
  An orc sorcerer (Orc:2)
  9 elephants (Lair:6)
  4 naga magi (Snake:1)
  2 ice statues (IceCv)
  7 black mambas
  9 spiny frogs
  3 centaur zombies
  5 komodo dragons
  A kobold demonologist (D:11)
  14 ice devils (IceCv)
  7 trolls
  2 polar bears
  5 hornets
  4 tyrant leeches (Swamp:1)
  10 blink frogs
  2 bog bodies (Swamp:2)
  3 hippogriffs
  A spriggan (Swamp:3)
  A shadow (Swamp:2)
  A hog (Lair:5)
  A wyvern (D:11)
  26 yaks
  3 vampire mosquitoes (D:8)
  A basilisk (Lair:3)
  6 nagas
  5 wargs
  10 insubstantial wisps
  10 swamp worms
  4 water moccasins
  13 porcupines
  20 orc warriors
  Duvessa (D:6)
  2 phantoms
  2 swamp drakes
  4 ice beasts
  2 sky beasts
  3 black bears
  12 ogres
  7 wolves
  5 centaurs
  9 crocodiles
  3 big kobolds (D:11)
  2 elf zombies (Ossuary)
  9 bullfrogs
  2 scorpions
  22 killer bees
  A water moccasin skeleton (D:8)
  8 howler monkeys
  An electric eel (D:8)
  4 crimson imps
  3 bullfrog zombies
  2 jellies
  A quasit (D:11)
  23 orc priests
  2 human zombies (Ossuary)
  Crazy Yiuf (D:5)
  4 hounds
  3 iguanas
  2 centaur skeletons
  17 orc wizards
  3 worker ants
  A hound zombie (D:11)
  A hound skeleton (D:5)
  A mummy (Ossuary)
  A worker ant zombie (D:8)
  A howler monkey zombie (D:6)
  10 adders
  10 gnolls
  2 shadow imps
  6 white imps (IceCv)
  3 ufetubi (IceCv)
  2 oozes
  3 adder zombies
  2 worms (D:3)
  A dart slug (D:2)
  A leopard gecko (D:2)
  69 orcs
  5 giant cockroaches
  12 goblins
  9 hobgoblins
  13 jackals
  6 kobolds
  4 quokkas
  A ball python (D:1)
  5 bats
  3 frilled lizards
  2 goblin zombies (Ossuary)
  5 hobgoblin zombies (Ossuary)
  A jackal zombie (D:7)
  2 kobold zombies (Ossuary)
  A leopard gecko zombie (D:5)
  5 orc zombies (Ossuary)
  A quokka skeleton (D:9)
  8 rats
  2 rat zombies (Ossuary)
  6 briar patches (Swamp:3)
  A bush (Lair:3)
  3 fungi
  3 plants
606 creatures vanquished.

Vanquished Creatures (collateral kills)
  A stone giant (Orc:2)
  2 hydras
  A catoblepas (Lair:6)
  4 death yaks
  A mana viper (Snake:1)
  A black mamba (Lair:6)
  2 elephants (Lair:6)
  A spiny frog (Lair:3)
  2 komodo dragons
  A rime drake (Lair:2)
  A polar bear (Lair:3)
  A blink frog (Swamp:3)
  Prince Ribbit (D:6)
  Sigmund (D:6)
  3 yaks (Lair:6)
  A spriggan (Swamp:2)
  A steam dragon (D:11)
  A vampire mosquito (D:8)
  A naga (Lair:3)
  A water moccasin (Lair:3)
  A swamp drake (Swamp:2)
  An ogre (Orc:1)
  A wolf (Lair:2)
  2 crocodiles
  An elf zombie (Ossuary)
  Dowan (D:6)
  A scorpion (D:5)
  A killer bee (D:11)
  A howler monkey (D:5)
  An orc priest (D:10)
  A human zombie (Ossuary)
  A worker ant (D:6)
  A mummy (Ossuary)
  2 gnolls (D:5)
  An orc (Orc:2)
  4 hobgoblin zombies (Ossuary)
  5 kobold zombies (Ossuary)
  4 orc zombies (Ossuary)
  A fungus (Lair:4)
59 creatures vanquished.

Vanquished Creatures (others)
  2 acid blobs
  A great orb of eyes (Slime:5)
  A death yak (Lair:6)
  A swamp dragon (Swamp:3)
  A shining eye (Slime:5)
  A salamander (Snake:1)
  An eye of devastation (Slime:5)
  18 slime creatures
  A spriggan (Swamp:3)
  A golden eye (Slime:5)
  A naga (Snake:1)
  A warg (D:10)
  2 orc warriors
  An eye of draining (Slime:5)
  4 centaurs
  95 jellies
  5 orc priests (Orc:2)
  8 orc wizards (Orc:2)
  5 white imps (IceCv)
  3 ufetubi (IceCv)
  8 orcs
  A jackal (D:11)
  A briar patch (Swamp:3)
  16 fungi
  8 plants
187 creatures vanquished.

Grand Total: 852 creatures vanquished

Notes
Turn   | Place    | Note
-------+----------+-------------------------------------------
     0 | D:1      | DrEnzyme the Demonspawn Gladiator began the quest for the Orb.
     0 | D:1      | Reached XP level 1. HP: 16/16 MP: 1/1
   422 | D:1      | Gained mutation: You have sharp toenails. [demonic ancestry]
   422 | D:1      | Reached XP level 2. HP: 19/22 MP: 2/2
   920 | D:1      | Reached skill level 3 in Dodging
  1427 | D:2      | You fall through a shaft!
  1481 | D:3      | Reached XP level 3. HP: 27/27 MP: 3/3
  2130 | D:2      | Reached skill level 1 in Stealth
  2130 | D:2      | Reached XP level 4. HP: 28/33 MP: 4/4
  2613 | D:3      | Found a sacrificial altar of Ru.
  3372 | D:3      | Gained mutation: When seriously injured, your bleeding wounds create armour. (AC +9) [demonic ancestry]
  3372 | D:3      | Reached XP level 5. HP: 38/38 MP: 5/5
  3642 | D:4      | Learned a level 2 spell: Sticks to Snakes
  4256 | D:5      | Entered Level 5 of the Dungeon
  4272 | D:5      | Found a sand-covered staircase.
  4288 | Ossuary  | Entered an ossuary
  4523 | Ossuary  | Reached skill level 5 in Short Blades
  4541 | Ossuary  | Reached XP level 6. HP: 37/46 MP: 1/6
  5076 | Ossuary  | Reached skill level 1 in Spellcasting
  5076 | Ossuary  | Reached skill level 1 in Transmutations
  5389 | Ossuary  | Gained mutation: You are partially covered in sharp spines. [demonic ancestry]
  5389 | Ossuary  | Reached XP level 7. HP: 40/51 MP: 7/9
  5905 | D:5      | Reached skill level 4 in Dodging
  6299 | D:5      | Gained mutation: You have razor-sharp toenails. [potion of mutation]
  6299 | D:5      | Gained mutation: You have a pair of small antennae on your head. [potion of mutation]
  6497 | D:5      | Noticed Pikel
  6696 | D:5      | Found a white marble altar of Elyvilon.
  6809 | D:6      | Noticed Prince Ribbit
  6818 | D:6      | Killed Prince Ribbit
  6818 | D:6      | Gained mutation: You are mostly covered in sharp spines. [demonic ancestry]
  6818 | D:6      | Reached XP level 8. HP: 18/58 MP: 9/12
  6992 | D:6      | Noticed Sigmund
  7447 | D:6      | Noticed Dowan
  7549 | D:6      | Killed Sigmund
  7563 | D:6      | Noticed Duvessa
  7636 | D:6      | Killed Duvessa
  7749 | D:5      | Killed Pikel
  7749 | D:5      | Reached XP level 9. HP: 39/64 MP: 15/15
  7782 | D:5      | Found a runed door.
  8050 | D:5      | Noticed Crazy Yiuf
  8058 | D:5      | Killed Crazy Yiuf
  8384 | D:6      | Found the ring of the Mage {Wiz MR++ Int+3}
  8397 | D:6      | Learned a level 3 spell: Spider Form
  8449 | D:6      | Found a sparkling altar of Nemelex Xobeh.
  8761 | D:6      | Killed Dowan
  8761 | D:6      | Reached skill level 5 in Dodging
  8761 | D:6      | Reached skill level 5 in Spellcasting
  9376 | D:6      | HP: 3/65 [poisoned by a killer bee]
  9382 | D:6      | HP: 2/65 [poisoned by a killer bee]
  9390 | D:6      | HP: 2/65 [poisoned by a killer bee]
 10084 | D:7      | Found a staircase to the Ecumenical Temple.
 10105 | D:7      | Reached skill level 5 in Transmutations
 10180 | Temple   | Entered the Ecumenical Temple
 10852 | D:7      | Found a deep blue altar of Sif Muna.
 11689 | D:8      | Found Baurat's Armour Emporium.
 11693 | D:8      | Bought a +2 shield of reflection for 240 gold pieces
 12093 | D:8      | Found Neolib's Gadget Boutique.
 12139 | D:8      | Found Wusasozo's Distillery.
 12371 | D:8      | Found the ring of Phasing {EV+8}
 12479 | D:8      | Reached XP level 10. HP: 69/72 MP: 17/17
 12511 | D:8      | Reached skill level 5 in Stealth
 12517 | D:8      | Found Visumos's Book Emporium.
 12566 | D:8      | Found Hijetiepn's Jewellery Emporium.
 12926 | D:9      | Noticed Bunnehwyld's ghost (novice HaHu)
 13137 | D:8      | Reached skill level 6 in Dodging
 13602 | D:9      | Killed Bunnehwyld's ghost
 13842 | D:9      | Reached skill level 5 in Fighting
 14455 | D:10     | Entered Level 10 of the Dungeon
 14566 | D:10     | Reached skill level 1 in Armour
 14744 | D:10     | Found Pahaed's Changing Room.
 14771 | D:10     | Reached skill level 7 in Dodging
 14771 | D:10     | Reached XP level 11. HP: 82/82 MP: 18/18
 14785 | D:10     | Found a staircase to the Lair.
 14983 | D:10     | Found a staircase to the Orcish Mines.
 15459 | D:10     | Found Riduth's Distillery.
 15821 | D:11     | Noticed a brown ugly thing
 16161 | D:11     | Reached skill level 5 in Armour
 16183 | D:11     | Got a pitted jade ring
 16189 | D:11     | Identified the ring of Wofruck {rC+ Str+3 Int+8} (You found it on level 11 of the Dungeon)
 16209 | D:11     | Learned a level 2 spell: Passwall
 16410 | D:10     | Learned a level 2 spell: Shroud of Golubria
 16416 | D:10     | Learned a level 5 spell: Blade Hands
 17050 | D:11     | Gained mutation: When seriously injured, your bleeding wounds create thick armour. (AC +9) [demonic ancestry]
 17050 | D:11     | Reached XP level 12. HP: 47/89 MP: 11/19
 17567 | D:11     | Got an uncursed scorched hand axe {elec}
 17592 | D:11     | Identified the +6 hand axe "Ditej" {elec, +Blink} (You took it off a centaur on level 11 of the Dungeon)
 17784 | D:11     | Reached skill level 8 in Dodging
 17967 | D:11     | Noticed an eight-headed hydra
 18091 | D:11     | Reached skill level 1 in Axes
 18158 | Lair:1   | Entered Level 1 of the Lair of Beasts
 19151 | Lair:2   | Noticed busb's ghost (journeyman OpWn)
 19559 | Lair:2   | Found a staircase to the Swamp.
 20059 | Lair:2   | Killed busb's ghost
 20059 | Lair:2   | Reached skill level 5 in Axes
 20788 | Lair:3   | Found an ornate altar of the Wu Jian Council.
 20820 | Lair:3   | Noticed a four-headed hydra
 20980 | Lair:3   | Noticed a death yak
 20980 | Lair:3   | Noticed a death yak
 21041 | Lair:3   | Noticed lepoulpe303's ghost (journeyman SpEn)
 21075 | Lair:3   | Killed lepoulpe303's ghost
 21126 | Lair:3   | Got a pitted falchion
 21127 | Lair:3   | Identified the cursed +1 falchion "Uhuidded" {drain, Dex+3} (You found it on level 3 of the Lair of Beasts)
 21226 | Lair:3   | Killed a five-headed hydra
 21336 | Lair:3   | Gained mutation: A weak demonic guardian rushes to your aid. [demonic ancestry]
 21336 | Lair:3   | Reached XP level 13. HP: 80/98 MP: 13/20
 21418 | Lair:3   | Reached skill level 9 in Dodging
 21426 | Lair:3   | Found a staircase to the Snake Pit.
 22786 | Lair:4   | Noticed Sonja
 22873 | Lair:4   | Killed Sonja
 23607 | Lair:5   | Found a stormy altar of Qazlal.
 23973 | Lair:6   | Entered Level 6 of the Lair of Beasts
 25242 | Lair:5   | Noticed Kirke
 25789 | Lair:6   | Found a viscous altar of Jiyva.
 25789 | Lair:6   | Found a staircase to the Slime Pits.
 25793 | Lair:6   | Became a worshipper of Jiyva Jieretao the Shapeless
 26904 | Lair:6   | Reached * piety under Jiyva
 27379 | D:8      | Bought the ring "Tisu Mao" {rElec rPois rF+ rC+ Stlth+} for 848 gold pieces
 27538 | D:10     | Reached ** piety under Jiyva
 27545 | Orc:1    | Entered Level 1 of the Orcish Mines
 27545 | Orc:1    | Found a roughly hewn altar of Beogh.
 27583 | Orc:1    | Noticed an orc warlord
 27672 | D:10     | Reached *** piety under Jiyva
 27811 | D:10     | Reached **** piety under Jiyva
 27819 | D:10     | Reached XP level 14. HP: 74/108 MP: 15/21
 27831 | D:10     | Gained mutation: You have acidic saliva. [Jiyva's grace]
 27878 | D:10     | Reached skill level 10 in Dodging
 27996 | D:10     | Reached ***** piety under Jiyva
 28094 | D:10     | Gained mutation: Your natural rate of healing is unusually fast. [Jiyva's grace]
 28178 | Orc:1    | Killed an orc warlord
 28398 | Orc:1    | Lost mutation: Your natural rate of healing is unusually fast. [Jiyva's grace]
 28536 | Orc:2    | Entered Level 2 of the Orcish Mines
 28571 | Orc:2    | Found a staircase to the Elven Halls.
 28591 | Orc:2    | Noticed a stone giant
 28617 | Orc:2    | Killed a stone giant
 28654 | Orc:2    | Gained mutation: You are agile. (Dex +2) [Jiyva's grace]
 28691 | Orc:2    | Reached ****** piety under Jiyva
 28730 | Orc:2    | Gained mutation: Your mind is acute. (Int +2) [Jiyva's grace]
 28933 | Lair:5   | Killed Kirke
 28987 | Slime:1  | Entered Level 1 of the Pits of Slime
 29005 | Slime:1  | Noticed an acid blob
 29062 | Slime:3  | Noticed an acid blob
 29076 | Slime:4  | Noticed an acid blob
 29078 | Slime:4  | Noticed an acid blob
 29084 | Slime:5  | Entered Level 5 of the Pits of Slime
 29084 | Slime:5  | Noticed an acid blob
 29084 | Slime:5  | Noticed an azure jelly
 29090 | Slime:5  | Noticed an acid blob
 29096 | Slime:5  | Noticed an acid blob
 29098 | Slime:5  | Noticed an acid blob
 29099 | Slime:5  | Found a viscous altar of Jiyva.
 29099 | Slime:5  | Noticed an azure jelly
 29099 | Slime:5  | Noticed the Royal Jelly
 29099 | Slime:5  | Noticed an acid blob
 29100 | Slime:5  | Noticed an acid blob
 29100 | Slime:5  | Gained mutation: You evolve. [Jiyva's grace]
 29104 | Slime:5  | Gained mutation: You are very agile. (Dex +4) [Jiyva's grace]
 29104 | Slime:5  | Killed an acid blob
 29105 | Slime:5  | Got a slimy rune of Zot
 29106 | Slime:5  | Gained mutation: You have a small jelly attached to you that senses nearby items. [Jiyva's grace]
 29112 | Slime:5  | Found the +6 Majin-Bo {vamp, Archmagi MP+6 Int+6}
 29114 | Slime:5  | Got a smoking robe
 29132 | Slime:5  | Lost mutation: You have a small jelly attached to you that senses nearby items. [Jiyva's grace]
 29154 | Slime:5  | Identified the cursed +1 robe "Kuggucki" {Str+3} (You found it on level 5 of the Pits of Slime)
 29160 | Slime:5  | Noticed an acid blob
 29165 | Slime:5  | Noticed an acid blob
 29175 | Slime:4  | Killed an acid blob
 29233 | Lair:6   | Learned a level 1 spell: Beastly Appendage
 29456 | Swamp:1  | Entered Level 1 of the Swamp
 29667 | Swamp:1  | Gained mutation: You are covered in slimy tendrils that may disarm your opponents. [Jiyva's grace]
 30241 | Lair:2   | Lost mutation: You have razor-sharp toenails. [evolution]
 30488 | Lair:2   | Lost mutation: Your mind is acute. (Int +2) [potion of mutation]
 30488 | Lair:2   | Lost mutation: You are covered in slimy tendrils that may disarm your opponents. [potion of mutation]
 30488 | Lair:2   | Gained mutation: You have a beak for a mouth. [potion of mutation]
 30488 | Lair:2   | Gained mutation: You have sharp fingernails. [potion of mutation]
 30636 | Orc:2    | Lost mutation: You have a beak for a mouth. [Jiyva's grace]
 30648 | Orc:2    | Found a roughly hewn altar of Beogh.
 30668 | Orc:2    | Gained mutation: Armour fits poorly on your pseudopods. [Jiyva's grace]
 30725 | Orc:2    | Found a roughly hewn altar of Beogh.
 30743 | Orc:2    | Gained mutation: You rapidly evolve. [Jiyva's grace]
 30924 | Orc:2    | Found Kiasmi Ykhlu's Armour Shop.
 30924 | Orc:2    | Found Oxyus's Book Boutique.
 30924 | Orc:2    | Found Jipreuma's Gadget Shop.
 30927 | Orc:2    | Found Feycepoden's Distillery.
 30949 | Orc:2    | Bought the +1 ring mail of the Distant Future {*Drain +Fly rF++ rCorr} for 462 gold pieces
 31003 | Orc:2    | Lost mutation: You are very agile. (Dex +4) [Jiyva's grace]
 31266 | Lair:3   | HP: 5/109 [death yak (17)]
 31577 | Snake:1  | Entered Level 1 of the Snake Pit
 31587 | Snake:1  | Gained mutation: Your magical capacity is low. (-10% MP) [Jiyva's grace]
 31592 | Snake:1  | Reached skill level 10 in Fighting
 31642 | Snake:1  | Reached skill level 10 in Axes
 32243 | Snake:1  | Identified a scroll of acquirement
 32272 | Snake:1  | Gained mutation: You are resistant to hostile enchantments. (MR+) [Jiyva's grace]
 32360 | Snake:1  | Lost mutation: Your magical capacity is low. (-10% MP) [Jiyva's power]
 32751 | Snake:2  | Found a frozen archway.
 32776 | IceCv    | Entered an ice cave
 33819 | IceCv    | Gained mutation: You can translocate small distances at will. [evolution]
 33834 | IceCv    | Gained mutation: Your body has grown golden eyes which may confuse attackers. (Acc +3) [Jiyva's grace]
 33860 | IceCv    | Got a pair of fine boots
 34762 | IceCv    | Identified the +0 pair of boots of the Special Curses {Int+5} (You found it in an ice cave)
 34867 | IceCv    | Reached skill level 11 in Dodging
 35405 | Swamp:1  | Lost mutation: You rapidly evolve. [Jiyva's grace]
 35405 | Swamp:1  | Lost mutation: You evolve. [Jiyva's grace]
 35405 | Swamp:1  | Gained mutation: You are somewhat resistant to further mutation. [Jiyva's grace]
 35678 | Swamp:2  | Gained mutation: You have razor-sharp toenails. [demonic ancestry]
 35678 | Swamp:2  | Reached XP level 15. HP: 93/117 MP: 19/22
 35691 | Swamp:2  | Lost mutation: You have a pair of small antennae on your head. [Jiyva's grace]
 37215 | Swamp:3  | Lost mutation: You are agile. (Dex +2) [Jiyva's grace]
 37762 | Swamp:3  | Lost mutation: You have acidic saliva. [Jiyva's grace]
 37864 | Swamp:3  | Noticed a thorn hunter
 37936 | Swamp:4  | Entered Level 4 of the Swamp
 37936 | Swamp:4  | Noticed a tentacled monstrosity
 37941 | Swamp:3  | HP: 5/117 [alligator[a spriggan druid] (2)]
 37949 | Swamp:3  | Mangled by an alligator

Vault maps used:
D:1:      erik_arrival_triangle_medium, minmay_misc_feat_plants
D:3:      cheibrodos_greedy_goblins, corexii_leaking_fountain,
          nicolae_ru_path_of_blood
D:5:      lemuel_round_altar, first_ration, chequers_ossuary_entry_cave,
          uniq_crazy_yiuf_cottage, uniq_pikel
D:6:      grunt_ministairs_9, nemelex_lonely_heart_becter, uniq_sigmund,
          uniq_prince_ribbit1, uniq_duvessa
D:7:      kennysheep_orc_sif_temple, minmay_temple_entry_statues_fountains
D:8:      serial_shops, nicolae_shop_behind_doors, shop_statue, shop,
          nicolae_shop_behind_doors, nicolae_shop_behind_doors
D:9:      grunt_ogre_cave
D:10:     erik_lair_orcish_takeover, hiddenorc2_lemuel, serial_shops,
          nicolae_shop_behind_doors, st_stairs_4, nicolae_transmutations_shop
Temple:   compressed_dpeg_circular_temple
Lair:1:   beast_lair_carwin_3
Lair:2:   swamp_mist
Lair:3:   minmay_snake_entry_guardpost_small, basic_altar, st_stairs_12
Lair:4:   uniq_sonja
Lair:5:   lemuel_centaur_altar, lemuel_fruit_tree, uniq_kirke
Lair:6:   evilmike_catoblepas_cave, dpeg_slime_entry_enclosed_altar
Swamp:1:  nicolae_swamp_triple_paths
Swamp:2:  evilmike_swamp_ruin_rubble_1
Swamp:3:  nicolae_swamp_round_clearing
Swamp:4:  swamp_alternative
Snake:2:  portal_ice_cave_entry_pillars_2
Orc:1:    basic_altar
Orc:2:    st_orc_mages, basic_altar, mines1_david
Ossuary:  ossuary_tomb_1
IceCv:    ice_cave_small_demon

Skill      XL: |  1  2  3  4  5  6  7  8  9 10 11 12 13 14 15 |
---------------+----------------------------------------------+-----
Short Blades   | 3 4 5 6 7 9 |  9.9
Dodging        | 3 4 5 7 8 9 11 | 11.5
Stealth        | 1 2 3 4 6 7 8 |  8.0
Spellcasting   | 1 3 4 5 |  5.1
Transmutations | 1 3 4 5 7 8 9 |  9.6
Fighting       | 3 4 6 8 9 10 | 10.9
Armour         | 4 5 7 8 9 |  9.3
Hexes          | 2 |  2.0
Earth Magic    | 2 |  2.0
Axes           | 5 8 10 | 10.9
Throwing       | |  1.7

Action                   |  1- 3 |  4- 6 |  7- 9 | 10-12 | 13-15 || total
-------------------------+-------+-------+-------+-------+-------++-------
Melee: Rapier            |    83 |   162 |   271 |   438 |       ||   954
       Kick              |    13 |    89 |   112 |   247 |   425 ||   886
       Dagger            |       |    91 |    12 |     4 |     2 ||   109
       Unarmed           |       |       |       |    20 |       ||    20
       Hand axe          |       |       |       |   159 |   858 ||  1017
       Pseudopods        |       |       |       |       |   164 ||   164
       Bite              |       |       |       |       |   114 ||   114
       Demon blade       |       |       |       |       |   130 ||   130
Throw: Throwing net      |       |       |       |       |     2 ||     2
 Cast: Sticks to Snakes  |       |    15 |    64 |    77 |    98 ||   254
       Spider Form       |       |       |       |     3 |       ||     3
       Passwall          |       |       |       |     1 |     2 ||     3
       Shroud of Golubri |       |       |       |     1 |     7 ||     8
Invok: Request Jelly     |       |       |       |       |     1 ||     1
       Slimify           |       |       |       |       |     2 ||     2
       Cure Bad Mutation |       |       |       |       |     2 ||     2
 Abil: Evoke Flight      |       |       |       |       |    11 ||    11
       Evoke Blink       |       |       |       |       |     5 ||     5
       Blink             |       |       |       |       |     1 ||     1
Evoke: Wand              |       |       |       |     2 |    17 ||    19
       Lightning rod     |       |       |       |       |     4 ||     4
       Fan of gales      |       |       |       |       |     1 ||     1
       Phial of floods   |       |       |       |       |     1 ||     1
  Use: Scroll            |     9 |     4 |     7 |    12 |    19 ||    51
       Potion            |     1 |       |     6 |     4 |    13 ||    24
 Stab: Sleeping          |     1 |     1 |     8 |    12 |     6 ||    28
       Distracted        |       |     2 |     3 |     5 |    22 ||    32
       Confused          |       |       |       |       |     3 ||     3
       Held in net/web   |       |       |       |       |     3 ||     3
  Eat: Chunk             |     3 |     5 |    11 |    22 |    12 ||    53
       Ration            |       |     3 |     4 |     2 |     3 ||    12
Armor: Leather armour    |    37 |    52 |    50 |    38 |       ||   177
       Skin              |       |       |       |     4 |       ||     4
       Scale mail        |       |       |       |    23 |       ||    23
       Troll leather arm |       |       |       |    27 |    66 ||    93
       Ring mail         |       |       |       |       |    66 ||    66
Dodge: Dodged            |    85 |   126 |   181 |   308 |   546 ||  1246
Block: Shield            |       |       |    20 |   317 |   512 ||   849
       Reflection        |       |       |       |     6 |    28 ||    34
       Rpst.: Demon blade |       |       |       |       |    19 ||    19

Table legend:
 A = Spawn XP
 B = Non-spawn XP
 C = Spawn XP percentage of total XP
 D = Spawn monster count
 E = Non-spawn monster count
 F = Spawn count percentage of total count
 G = Total turns spent on level
                    A         B        C        D         E        F      G
               +---------+---------+-------+---------+---------+-------+---------
         Total |       0 |  107305 |   0.0 |       0 |     659 |   0.0 | 37949
               +---------+---------+-------+---------+---------+-------+---------
           D:1 |       0 |      53 |   0.0 |       0 |      18 |   0.0 |  1621
           D:2 |       0 |      83 |   0.0 |       0 |      18 |   0.0 |   875
           D:3 |       0 |      81 |   0.0 |       0 |      25 |   0.0 |  1113
           D:4 |       0 |     120 |   0.0 |       0 |      13 |   0.0 |  1132
           D:5 |       0 |    1495 |   0.0 |       0 |      23 |   0.0 |  1910
           D:6 |       0 |    1625 |   0.0 |       0 |      21 |   0.0 |  1970
           D:7 |       0 |    1216 |   0.0 |       0 |      29 |   0.0 |  1966
           D:8 |       0 |    1691 |   0.0 |       0 |      34 |   0.0 |  2034
           D:9 |       0 |    2162 |   0.0 |       0 |      16 |   0.0 |   885
          D:10 |       0 |    4794 |   0.0 |       0 |      73 |   0.0 |  2963
          D:11 |       0 |    4762 |   0.0 |       0 |      36 |   0.0 |  1230
        Lair:1 |       0 |    3912 |   0.0 |       0 |      21 |   0.0 |  1502
        Lair:2 |       0 |    7442 |   0.0 |       0 |      33 |   0.0 |  2364
        Lair:3 |       0 |    9811 |   0.0 |       0 |      28 |   0.0 |  2237
        Lair:4 |       0 |    4137 |   0.0 |       0 |      13 |   0.0 |  1359
        Lair:5 |       0 |    3065 |   0.0 |       0 |       9 |   0.0 |  1309
        Lair:6 |       0 |   18227 |   0.0 |       0 |      48 |   0.0 |  2589
       Swamp:1 |       0 |    6284 |   0.0 |       0 |      21 |   0.0 |  1356
       Swamp:2 |       0 |    6650 |   0.0 |       0 |      16 |   0.0 |  1347
       Swamp:3 |       0 |    5953 |   0.0 |       0 |      18 |   0.0 |   325
       Snake:1 |       0 |    8323 |   0.0 |       0 |      17 |   0.0 |   895
       Snake:2 |       0 |     157 |   0.0 |       0 |       1 |   0.0 |    34
         Orc:1 |       0 |    2663 |   0.0 |       0 |      22 |   0.0 |   496
         Orc:2 |       0 |    5684 |   0.0 |       0 |      40 |   0.0 |   753
       Ossuary |       0 |     406 |   0.0 |       0 |      39 |   0.0 |  1182
         IceCv |       0 |    6509 |   0.0 |       0 |      27 |   0.0 |  2162
               +---------+---------+-------+---------+---------+-------+---------
